Zazza, neutral female human Tourist ------------ ----------- |......>...| |\.......... ###...........| |..... # |..........| # |... ### ------|----- -.----- #.( ##########################+.....| --------- # ### # |......### |.......| ########## # ### #....<.| # #-.......| # # # # ###------- ###|.[.....| # ## # ## # #-.......| # --.--# -|--- ### |.......| # |...|# |...| # --------- # |...|# |...-## # |.`.|# |...| -------# |....# ----- |....f|h ----- |.....@# ------- Zazza the Rambler Experience level: 1 Strength: 12 Dexterity: 9 Constitution: 13 Intelligence: 15 Wisdom: 8 Charisma: 18 Health: 0(10) Energy: 2(2) Def: 7 Gold: 829 Moves: 1919 Dungeon seed: UmaMTkUwJMdnvqBK Game ID: Zazza_1619015873 Your Inventory: Coins $ - 829 gold pieces Amulets D - a cursed amulet of strangulation Weapons a - 35 +2 darts (in quiver) m - 2 +0 orcish daggers (wielded) w - 2 +0 arrows y - a cursed -1 dwarvish short sword H - a +0 scimitar Armor e - an uncursed +0 Hawaiian shirt (being worn) n - a blessed +1 dwarvish mithril-coat (being worn) N - a cursed -1 orcish helm Comestibles b - 5 uncursed food rations c - 4 uncursed pancakes d - an uncursed sprig of wolfsbane f - an uncursed egg Scrolls q - an uncursed scroll of taming s - 2 uncursed scrolls of remove curse F - an uncursed scroll of light Potions i - 2 uncursed potions of extra healing x - a blessed potion of healing z - a cursed potion of see invisible Tools k - an uncursed skeleton key l - an uncursed credit card A - an expensive camera (0:73) Gems r - 2 uncursed worthless pieces of yellow glass Spells and supernatural/magical abilities: Name Level Category Fail Memory W - pray for help -- divine ? -- Your skills at the end: Fighting Skills Weapon Skills dart [Basic] Spellcasting Skills Final Attributes: You were nominally aligned. You are dead. Vanquished creatures: a gnome lord a homunculus a gas spore a hobgoblin a cave spider 3 yellow molds a green mold a gnome zombie a gecko 6 jackals 2 foxes 5 goblins 9 grid bugs 2 bats 5 lichens 6 newts 46 creatures vanquished. Voluntary challenges: You were an atheist. You used a wielded weapon 5 times, starting on turn 460. You read items or engraved 7 times, starting on turn 269. You never genocided any monsters. You never polymorphed an object. You never changed form. You used no wishes. You never split a pudding. You wrote Elbereth's name 1 time, starting on turn 1580. You never violated your personal moral code. Dungeon overview: The Dungeons of Doom: levels 1 to 5 Level 1 a long staircase Level 2 a fountain Level 3 Level 4 stairs to The Gnomish Mines Level 5 <- You were here a throne The Gnomish Mines: Level 5 stairs to The Dungeons of Doom History has recorded: On T:1 you entered the Dungeons of Doom to retrieve the Amulet of Yendor! On T:362 you reached level 2 of The Dungeons of Doom. On T:759 you reached level 3 of The Dungeons of Doom. On T:1023 you reached level 4 of The Dungeons of Doom. On T:1181 you reached level 1 of The Gnomish Mines. On T:1465 you reached level 5 of The Dungeons of Doom. Score breakdown: Gold: 515 ( 9227 points) Experience: 1 level ( 0 points) Exploration: 5 levels ( 10.64%) ( 8846 points) Discoveries: 2 items ( 0.67%) ( 2457 points) Valuables value: (no points given unless you survive) Artifact value: 0 ( 0 points) Variety of kills: 16 monsters ( 4.20%) ( 6147 points) Turncount: 1919 turns ( 0 points) Survival: died (score multiplied by 80%) Total score: 21341 Latest messages: You stop. Armand is in the way! You hear some noises. You displace Armand. The hobgoblin swings his curved sword. The hobgoblin just misses! You displace Armand. It eats a hobgoblin corpse. You displace Armand. There are a few objects here. The gnome lord misses. H - a curved sword. N - an iron skull cap. The gnome lord misses. You displace Armand. Your yellow mold corpses rot away. Never mind. You hear some noises. It eats a gnome lord corpse. You displace Armand. The bugbear hits! You miss the bugbear. The bugbear hits! You die... Final status: Aloha Zazza the Tourist, killed by a bugbear... You died in The Dungeons of Doom on dungeon level 5 with 21341 points, and 829 pieces of gold, after 1919 moves. You were level 1 with a maximum of 10 hit points when you died.